 Dungeon Crawl Stone Soup version 0.29.1-15-g9cfb28693d (webtiles) character file.

Game seed: 80377902529703337

434 croobank the Caller (level 6, -3/28 HPs)
             Began as a Felid Summoner on Mar 7, 2023.
             Killed from afar by Dowan (14 damage)
             ... with a shard of ice
             ... on level 4 of the Dungeon.
             The game lasted 00:15:47 (4429 turns).

croobank the Caller (Felid Summoner)                Turns: 4429, Time: 00:15:47

Health: -3/28      AC:  2    Str:  4    XL:     6   Next: 67%
Magic:  1/12       EV: 19    Int: 19    God:
Gold:   233        SH:  0    Dex: 16    Spells: 2/11 levels left
                                        Lives:  0   Deaths: 1

rFire   + . .      SeeInvis +   (weapon unavailable)
rCold   . . .      Faith    .   (shield unavailable)
rNeg    . . .      Spirit   .   (body armour unavailable)
rPois   .          Reflect  .   (helmet unavailable)
rElec   .          Harm     .   (cloak unavailable)
rCorr   .          Rampage  .   (gloves unavailable)
Will    .....                   (boots unavailable)
Stlth   ++........              (no amulet)
HPRegen 0.09/turn               c - ring of protection from fire
MPRegen 0.13/turn               k - ring of wizardry

@: lethally poisoned (-3 -> -7), lit by a corona, glowing, quick
A: very small, claws 1, fangs 3, see invisible, speed 1, shaggy fur 2, stealthy
paws, no weapons or thrown items, no armour, multi-lived, camouflage 1,
evolution 1
a: no special abilities


You were on level 4 of the Dungeon.
You visited 1 branch of the dungeon, and saw 5 of its levels.

You collected 255 gold pieces.
You spent 22 gold pieces at shops.

Inventory:

Jewellery
 c - a ring of protection from fire (left paw)
 k - a ring of wizardry (right paw)
Wands
 i - a wand of iceblast (23)
Scrolls
 b - 4 scrolls of teleportation
 h - a scroll of magic mapping
Potions
 d - a potion of invisibility
 e - a potion of might
 f - a potion of flight
 g - a potion of haste


   Skills:
 * Level 3.1 Fighting
 + Level 5.0 Dodging
 - Level 4.8 Stealth
 + Level 3.4 Spellcasting
 + Level 1.3 Hexes
 + Level 5.1 Summonings


You had 2 spell levels left.
You knew the following spells:

 Your Spells              Type           Power      Damage    Failure   Level
a - Summon Small Mammal   Summ           88%        N/A       1%          1
b - Call Imp              Summ           22%        N/A       1%          2
c - Call Canine Familiar  Summ           22%        N/A       2%          3
d - Summon Guardian Gole  Hex/Summ       15%        N/A       4%          3

Your spell library contained the following spells:

 Spells                   Type           Power      Damage    Failure   Level
 Tukima's Dance           Hex            8%         N/A       11%         3
 Summon Lightning Spire   Summ/Air       12%        N/A       21%         4
 Leda's Liquefaction      Hex/Erth       2%         N/A       38%         4
 Blade Hands              Tmut           1%         N/A       82%         5
 Dispersal                Tloc           1%         N/A       100%        6
 Disjunction              Tloc           1%         N/A       100%        8
 Portal Projectile        Hex/Tloc       Unusable   N/A       N/A         3

Dungeon Overview and Level Annotations

Branches:
Dungeon (5/15)
 Temple: D:4-7

Altars:
Uskayaw

Shops:
D:1 ?

Annotations:
D:4 Dowan


Innate Abilities, Weirdness & Mutations

You have sharp claws.
You have razor-sharp teeth.
You have supernaturally acute eyesight. (SInv)
You cover ground quickly. (Speed+)
You are covered in thick fur. (AC +2)
Your paws help you pounce on unaware monsters.
You are incapable of wielding weapons or throwing items.
You cannot wear armour.
You gain extra lives every three experience levels.
Your skin changes colour to match your surroundings (Stealth+).
You have hidden genetic potential.


Message History

Duvessa is engulfed in blazing flames.
Duvessa misses your hound.
You feel sick.
Your hound completely misses Duvessa.
Your rat barely misses Dowan.
You see here a dart slug corpse.
As you read the scroll of identify, it crumbles to dust.
l - a scroll of poison You feel sick.
Your hound bites Duvessa but does no damage.
Dowan barely misses your rat.
Duvessa is engulfed in blazing flames.
Duvessa hits your hound with a +5 rapier of electrocution!
Lightning courses through your hound!!
Your hound dies!
Your hound's corpse disappears in a puff of smoke!
Your rat bites Dowan.
Really read the scroll of poison?
The air fills with toxic fumes!
As you read the scroll of poison, it crumbles to dust.
You feel sick.
Dowan points at you and mumbles some strange words.
The puff of frost hits your rat!
Your rat dies!
Your rat's corpse disappears in a puff of smoke!
Duvessa is engulfed in blazing flames.
Duvessa shouts!
Duvessa dies!
Dowan screams, "No!
Oh no!"
Dowan seems to find hidden reserves of power!
Your Fighting skill increases to level 3!
Your Dodging skill increases to level 5!
Your Hexes skill increases to level 1!
Aiming: Iceblast
Press: ? - help, Shift-Dir - straight line, f - Dowan
Aim: Dowan, wielding a +1 dagger of venom and wearing a +0 robe (moderately wounded, fast)
The mass of ice explodes!
The iceblast engulfs Dowan!
Dowan is severely wounded.
You feel sick. Dowan casts a spell at you. The shard of ice hits you!
Ouch! That really hurt!
You die...

...........###..
§§§§§§§§§§§§§§.##
.§§§§§§§§§§§§§..#..
#§§§§§§§§§§§§..<.. ...
##§§§§§§§§§§§§..... ...
##§§§§§§§§§§§§§..... #.#
.§§§§§§§§§§§☼§§§..... #.#
##.§§§§§§§§§..§§§§....
#.#####.....###§@e.§☼§§§##..
...#....###. #§§§§§§§§§§#
#.o........ #§§#§§###§###
.....##.... ##§§#§§#.....#
#h......###.#§§§#§§§<..###
.........##.§§§§.§§§§###
..o........§##§§.§§§§##
.......†..§§#####§§§§§#
##...h...#.....##.....###


You could see Dowan (fast).

Vanquished Creatures
  2 ball pythons
  An endoplasm (D:2)
  A quokka (D:2)
  A bat (D:1)
5 creatures vanquished.

Vanquished Creatures (collateral kills)
  A scorpion (D:4)
  An orc priest (D:4)
  A jelly (D:4)
  An iguana (D:5)
  4 gnolls (D:5)
  4 adders
  3 dart slugs
  2 orcs (D:4)
  3 bats
  8 endoplasms
  A giant cockroach (D:1)
  4 goblins
  8 hobgoblins
  6 kobolds
  10 ball pythons
  5 frilled lizards
  5 rats
67 creatures vanquished.

Vanquished Creatures (others)
  Duvessa (D:4)
  An orc warrior (D:4)
  2 orcs (D:4)
4 creatures vanquished.

Grand Total: 76 creatures vanquished

Notes
Turn   | Place    | Note
-------+----------+-------------------------------------------
     0 | D:1      | croobank the Felid Summoner began the quest for the Orb.
     0 | D:1      | Reached XP level 1. HP: 7/7 MP: 4/4
   408 | D:1      | Reached XP level 2. HP: 10/11 MP: 3/6
   455 | D:1      | Learned a level 2 spell: Call Imp
   570 | D:1      | Found a faded altar of an unknown god.
   629 | D:1      | Found Gegutipo's Magic Scroll Shoppe.
   721 | D:1      | Bought a scroll of identify for 22 gold pieces
  1035 | D:1      | Reached XP level 3. HP: 14/14 MP: 3/7
  1339 | D:1      | Learned a level 3 spell: Call Canine Familiar
  2575 | D:3      | Reached XP level 4. HP: 18/18 MP: 2/8
  2836 | D:3      | Identified the +2 scale mail "Ekiokkex" {rPois Will+ rCorr}
  3421 | D:4      | Noticed a scorpion
  3591 | D:4      | Gained mutation: You are somewhat resistant to further
                  | mutation. [potion of mutation]
  3591 | D:4      | Lost mutation: You are somewhat resistant to further
                  | mutation. [potion of mutation]
  3591 | D:4      | Gained mutation: You have hidden genetic potential. [potion
                  | of mutation]
  3593 | D:4      | Succumbed to a scorpion's poison
  3594 | D:4      | Reached XP level 3. HP: 0/15 MP: 5/8
  3609 | D:4      | Killed a scorpion
  3610 | D:4      | Reached skill level 1 in Fighting
  3610 | D:4      | Reached XP level 4. HP: 19/19 MP: 7/9
  3654 | D:4      | Found a hide-covered altar of Uskayaw.
  3688 | D:4      | Noticed an orc warrior
  3727 | D:5      | Entered Level 5 of the Dungeon
  3835 | D:5      | Reached XP level 5. HP: 22/22 MP: 1/10
  3836 | D:5      | Gained mutation: Your skin changes colour to match your
                  | surroundings (Stealth+). [hidden potential]
  4034 | D:5      | Noticed an ogre
  4045 | D:4      | Learned a level 3 spell: Summon Guardian Golem
  4055 | D:4      | Killed an orc warrior
  4056 | D:4      | Gained mutation: You are covered in thick fur. (AC +2)
                  | [Felid growth]
  4056 | D:4      | Reached XP level 6. HP: 13/27 MP: 5/11
  4077 | D:4      | Gained mutation: You have great hidden genetic potential.
                  | [hidden potential]
  4077 | D:4      | Lost mutation: You have great hidden genetic potential.
                  | [hidden potential expressed]
  4084 | D:4      | Reached skill level 5 in Summonings
  4395 | D:4      | Noticed Dowan
  4405 | D:4      | Noticed Duvessa
  4428 | D:4      | Killed Duvessa
  4429 | D:4      | Reached skill level 5 in Dodging
  4429 | D:4      | Reached skill level 1 in Hexes
  4429 | D:4      | Killed from afar by Dowan

Illustrated notes

Levels and vault maps discovered:
D:1:      mrwooster_arrival_statue, layout_basic, serial_shops, shop,
          dreamdust_ecumenical_altar_grove
D:2:      layout_basic
D:3:      layout_basic, minmay_misc_feat_cross
D:4:      layout_cave_pools, old_standard_altar, hangedman_feature_mirror,
          goddamned_bats, uniq_duvessa
D:5:      layout_basic, gammafunk_ghost_mausoleum

Skill      XL: |  1  2  3  4  5  6 |
---------------+-------------------+-----
Dodging        | 3 4 5 |  5.0
Stealth        | 3 4 |  4.8
Fighting       | 1 2 3 |  3.1
Spellcasting   | 3 |  3.4
Summonings     | 5 |  5.1
Hexes          | 1 |  1.3

Action                   |  1- 3 |  4- 6 || total
-------------------------+-------+-------++-------
Melee: Unarmed           |    19 |    14 ||    33
       Bite              |     1 |       ||     1
       Punch             |       |     1 ||     1
 Cast: Summon Small Mamm |    47 |    18 ||    65
       Call Imp          |    15 |    10 ||    25
       Call Canine Famil |     8 |    17 ||    25
       Summon Guardian G |       |     3 ||     3
Evoke: Wand              |       |     1 ||     1
  Use: Scroll            |     7 |     4 ||    11
       Potion            |       |     5 ||     5
 Stab: Sleeping          |     1 |     1 ||     2
       Distracted        |     1 |       ||     1
Armor: Skin              |     3 |       ||     3
Dodge: Dodged            |    26 |    34 ||    60
